 Dungeon Crawl Stone Soup version 0.29.0-4-gdea44cf6ec (webtiles) character file.

Game seed: 5359876980068189006

114 qw the Chopper (level 4, -2/26 HPs)
             Began as a Tengu Warper on Aug 28, 2022.
             Slain by an ogre
             ... wielding a +0 giant club
              (25 damage)
             ... on level 3 of the Dungeon.
             The game lasted 00:00:15 (2224 turns).

qw the Chopper (Tengu Warper)                       Turns: 2224, Time: 00:00:15

Health: -2/26      AC:  8    Str: 13    XL:     4   Next: 97%
Magic:  8/8        EV:  6    Int: 13    God:
Gold:   132        SH:  0    Dex: 14    Spells: 7/7 levels left

rFire   . . .      SeeInvis .   b - +0 war axe
rCold   . . .      Faith    .   (no shield)
rNeg    . . .      Spirit   .   i - +0 chain mail
rPois   .          Reflect  .   (helmet restricted)
rElec   .          Harm     .   (no cloak)
rCorr   .          Rampage  .   (no gloves)
Will    .....                   (boots unavailable)
Stlth   ..........              (no amulet)
HPRegen 0.08/turn               (no ring)
MPRegen 0.11/turn               (no ring)

@: no status effects
A: beak, talons 3
a: no special abilities


You were on level 3 of the Dungeon.
You visited 1 branch of the dungeon, and saw 3 of its levels.

You collected 132 gold pieces.


Innate Abilities, Weirdness & Mutations

You have a beak for a mouth.
You have claws for feet.


   Skills:
 - Level 2.0 Fighting
 + Level 5.4 Axes
 - Level 1.0 Throwing
 - Level 1.1 Armour
 - Level 2.1 Dodging
 - Level 2.0 Spellcasting
 - Level 2.4 Translocations


You had 7 spell levels left.
You didn't know any spells.
Your spell library contained the following spells:

 Spells                   Type           Power      Damage    Failure   Level
 Blink                    Tloc           14%        N/A       99%         2
 Gell's Gravitas          Tloc           7%         N/A       100%        3
 Lesser Beckoning         Tloc           7%         N/A       100%        3
 Teleport Other           Tloc           7%         N/A       100%        3
 Manifold Assault         Tloc           7%         N/A       100%        5

Inventory:

Hand Weapons
 b - a +0 war axe (weapon)
 j - a +0 mace
Missiles
 e - 2 boomerangs (quivered)
Armour
 i - a +0 chain mail (worn)
Jewellery
 h - an amulet of reflection
Scrolls
 a - a scroll of teleportation
 f - a scroll of identify
Potions
 c - a potion of mutation {unknown}
 d - a potion of heal wounds {unknown}
 g - a potion of curing

Dungeon Overview and Level Annotations

Branches:
Dungeon (3/15)

Altars:
Dithmenos
Ru


Message History

You see here a +0 mace.
Things that are here:
a +0 club; a goblin corpse
Found a stone staircase leading down.
You now have 132 gold pieces (gained 12).
A goblin comes into view. It is wielding a +0 club.
The goblin shouts!
You hear a shout!
An ogre comes into view. It is wielding a +0 giant club.
Throw: 3 boomerangs
Press: ? - help, Q - select action Shift-Dir - straight line, f - goblin You throw a boomerang.
The boomerang barely misses the goblin.
Throw: 3 boomerangs
Press: ? - help, Q - select action Shift-Dir - straight line, f/p - goblin You throw a boomerang.
The boomerang barely misses the goblin.
The boomerang hits the ogre.
The ogre is lightly wounded.
Throw: 2 boomerangs
Press: ? - help, Q - select action Shift-Dir - straight line, f/p - goblin You throw a boomerang.
The boomerang barely misses the goblin.
The boomerang barely misses the ogre.
A frilled lizard comes into view.
You closely miss the goblin. You claw the goblin.
The goblin is moderately wounded.
The goblin hits you with a +0 club.
You miss the goblin.
The goblin is moderately wounded.
The goblin hits you but does no damage. The goblin barely misses you.
You closely miss the goblin. Your kick misses the goblin.
The goblin is moderately wounded.
The goblin hits you but does no damage.
You barely miss the goblin.
The goblin is moderately wounded.
The goblin closely misses you.
You slash the goblin!
You kill the goblin!
You barely miss the ogre. You claw the ogre!
The ogre is moderately wounded.
The ogre hits you with a +0 giant club!!
Ouch! That really hurt!
You die...

###### ##....#####
#.........#########
#...##.....@Ol>.$..
#...####..#######.#
#...#####...#####
#.......###.....#
#....)#.<...#....
#...#..).##...... .
#...####......>#. .
#...# ##........
##### #.......#.
.##


You could see an ogre and a frilled lizard.

Vanquished Creatures
  An orc priest (D:3)
  An adder (D:2)
  An adder skeleton (D:3)
  An adder zombie (D:3)
  A dart slug (D:3)
  7 orcs
  8 ball pythons
  3 bats
  5 endoplasms
  2 giant cockroaches (D:2)
  6 goblins
  5 hobgoblins
  2 kobolds (D:1)
  4 quokkas
  2 frilled lizards (D:2)
  A giant cockroach zombie (D:3)
  5 rats
55 creatures vanquished.

Notes
Turn   | Place    | Note
-------+----------+-------------------------------------------
     0 | D:1      | qw the Tengu Warper began the quest for the Orb.
     0 | D:1      | Reached XP level 1. HP: 12/12 MP: 4/4
     0 | D:1      | 0 ||| qw: Version: 0.1-a-89-g26bdef1
     0 | D:1      | 0 ||| qw: Game counter: 1934
     0 | D:1      | 0 ||| qw: Always use a shield: true
     0 | D:1      | 0 ||| qw: God list: Okawaru
     0 | D:1      | 0 ||| qw: Allow faded altars: false
     0 | D:1      | 0 ||| qw: Do Orc after D:15 true
     0 | D:1      | 0 ||| qw: Do second Lair branch before Depths: true
     0 | D:1      | 0 ||| qw: Lair rune preference: random
     0 | D:1      | 0 ||| qw: Plans: Normal
     0 | D:1      | 0 ||| PLANNING D:1-11
    77 | D:1      | 77 ||| Stepping ~*~*~tactically~*~*~ (stealth).
   145 | D:1      | 145 ||| Stepping ~*~*~tactically~*~*~ (stealth).
   150 | D:1      | 150 ||| Stepping ~*~*~tactically~*~*~ (stealth).
   179 | D:1      | Reached skill level 3 in Axes
   179 | D:1      | Reached XP level 2. HP: 17/17 MP: 6/6
   657 | D:1      | 657 ||| READING scroll labelled JAH CIORURR.
   658 | D:1      | 658 ||| DROPPING scroll of blinking.
   730 | D:2      | Found a sacrificial altar of Ru.
   737 | D:2      | 737 ||| STAIRDANCE
   815 | D:2      | Reached XP level 3. HP: 21/21 MP: 7/7
   868 | D:2      | 868 ||| Stepping ~*~*~tactically~*~*~ (stealth).
   874 | D:2      | 874 ||| Stepping ~*~*~tactically~*~*~ (stealth).
   878 | D:2      | 878 ||| Stepping ~*~*~tactically~*~*~ (stealth).
   916 | D:2      | Reached skill level 4 in Axes
  1633 | D:2      | 1633 ||| UPGRADING to +0 chain mail.
  1643 | D:2      | 1643 ||| DROPPING +0 leather armour.
  1644 | D:2      | 1644 ||| READING 2 scrolls labelled PEIMANK MEYS.
  1648 | D:2      | 1648 ||| READING scroll labelled SIFFAULAGE.
  1649 | D:2      | 1649 ||| DRINKING 2 murky amethyst potions.
  1693 | D:3      | 1693 ||| STAIRDANCE
  1702 | D:3      | 1702 ||| STAIRDANCE
  1887 | D:2      | 1887 ||| SWAPPING to +0 war axe.
  1888 | D:2      | 1888 ||| DROPPING +0 hand axe.
  1892 | D:3      | 1892 ||| STAIRDANCE
  1900 | D:3      | Reached XP level 4. HP: 25/26 MP: 8/8
  1947 | D:3      | Found a shadowy altar of Dithmenos.
  1956 | D:3      | 1956 ||| DROPPING +0 club.
  1959 | D:3      | 1959 ||| Stepping ~*~*~tactically~*~*~ (hiding).
  1968 | D:3      | Reached skill level 5 in Axes
  2036 | D:3      | 2036 ||| Stepping ~*~*~tactically~*~*~ (hiding).
  2214 | D:3      | Noticed an ogre
  2224 | D:3      | Slain by an ogre

Levels and vault maps discovered:
D:1:      wheals_arrival_linesprint, layout_basic
D:2:      layout_loops_corners, basic_altar
D:3:      layout_rooms, lemuel_tele_altar,
          mainiacjoe_overflow_concentric_impassable, serial_undead,
          serial_undead_a, serial_undead_f, serial_undead_b, serial_undead_a,
          uniq_grinder

Skill      XL: |  1  2  3  4 |
---------------+-------------+-----
Axes           | 3 4 5 |  5.4
Fighting       | |  2.0
Throwing       | |  1.0
Armour         | |  1.1
Dodging        | |  2.1
Spellcasting   | |  2.0
Translocations | |  2.4

Action                   |  1- 3 |  4- 6 || total
-------------------------+-------+-------++-------
Melee: Hand axe          |    65 |       ||    65
       Kick              |    18 |     8 ||    26
       Peck              |     5 |     2 ||     7
       Punch             |     2 |       ||     2
       War axe           |     4 |    34 ||    38
Throw: Boomerang         |    29 |    21 ||    50
  Use: Scroll            |     3 |       ||     3
       Potion            |     1 |       ||     1
 Stab: Sleeping          |     1 |       ||     1
Armor: Leather armour    |    13 |       ||    13
       Chain mail        |    11 |    20 ||    31
Dodge: Dodged            |    39 |     9 ||    48

Table legend:
 A = Non-vault XP
 B = Vault XP
 C = Vault XP percentage of total XP
 D = Non-vault monster count
 E = Vault monster count
 F = Vault count percentage of total count
                 A         B        C        D         E       F
            +---------+---------+-------+---------+---------+-------
      Total |     152 |      11 |   6.7 |      52 |       3 |   5.5
            +---------+---------+-------+---------+---------+-------
        D:1 |      20 |       0 |   0.0 |      11 |       0 |   0.0
        D:2 |      56 |       0 |   0.0 |      25 |       0 |   0.0
        D:3 |      76 |      11 |  12.6 |      16 |       3 |  15.8
            +---------+---------+-------+---------+---------+-------
